 Dungeon Crawl Stone Soup version 0.24-a0-217-g1152973 (webtiles) character file.

Game seed: 18225147539283957424

292 geeko55 the Skirmisher (level 6, 0/42 HPs)
             Began as a Gargoyle Monk on Mar 28, 2019.
             Slain by an ice beast (14 damage)
             ... on level 4 of the Dungeon on Mar 29, 2019.
             The game lasted 00:13:03 (3887 turns).

geeko55 the Skirmisher (Gargoyle Monk)              Turns: 3887, Time: 00:13:04

Health: 0/42       AC:  6    Str: 16    XL:     6   Next: 33%
Magic:  6/6        EV: 13    Int: 11    God:
Gold:   184        SH:  0    Dex: 12    Spells: 5/5 levels left

rFire    . . .     SeeInvis .   a - +0 mace
rCold    . . .     Gourm    .   (no shield)
rNeg     + . .     Faith    .   b - +0 robe
rPois    ∞         Spirit   .   (no helmet)
rElec    +         Reflect  .   (no cloak)
rCorr    .         Harm     .   (no gloves)
MR       .....                  (no boots)
Stlth    ++........             (no amulet)
HPRegen  0.14/turn              (no ring)
MPRegen  0.10/turn              (no ring)

@: no status effects
A: negative energy resistance 1, electricity resistance, unbreathing,
petrification resistance, rot immunity, AC +4
a: no special abilities


You were on level 4 of the Dungeon.
You were not hungry.

You visited 1 branch of the dungeon, and saw 4 of its levels.
You also visited: Sewer.

You collected 184 gold pieces.

Inventory:

Hand Weapons
 a - a +0 mace (weapon)
 e - a +0 spear of freezing
Armour
 b - a +0 robe (worn)
Wands
 o - a wand of iceblast (5)
Scrolls
 i - a scroll of identify
 j - a scroll of fog
 m - 2 scrolls of remove curse
Potions
 d - 3 potions of curing {unknown}
 f - a potion of flight {unknown}
 g - 4 potions of magic
 h - 5 potions of might
 k - 2 potions of heal wounds
 l - a potion of brilliance {unknown}
 n - a potion of degeneration {unknown}
Comestibles
 c - 9 rations


   Skills:
 * Level 6.8 Fighting
 - Level 3.7 Maces & Flails
 - Level 2.9 Dodging
 - Level 2.2 Stealth


You had 5 spell levels left.
You didn't know any spells.
Your spell library was empty.

Dungeon Overview and Level Annotations

Branches:
Dungeon (4/15)
 Temple: D:4-7

Altars:


Innate Abilities, Weirdness & Mutations

You are resistant to torment.
Your stone body is resilient. (AC +4)
You are immune to poison.
You resist negative energy. (rN+)
You are resistant to electric shocks. (rElec)
You can survive without breathing.
You are immune to petrification.
You are immune to rotting.


Message History

The ice beast hits you but does no damage.
You hit the ice beast but do no damage.
The ice beast is severely wounded.
The ice beast hits you but does no damage. x2
You barely miss the ice beast.
The ice beast is severely wounded.
The ice beast hits you. The ice beast freezes you.
You barely miss the ice beast.
The ice beast is severely wounded.
The ice beast hits you. The ice beast freezes you!
You hit the ice beast but do no damage.
The ice beast is severely wounded.
The ice beast hits you but does no damage.
You hit the ice beast.
The ice beast is almost dead.
The ice beast barely misses you. The ice beast hits you.
The ice beast freezes you!
* * * LOW HITPOINT WARNING * * *
You feel much better. The ice beast hits you. The ice beast freezes you!
You die...

#### ..# # #.#
#######.
#######.####........
.## # #.......Y@..$#
#.# .. .
#.#####.####.#
#.####.#. #.# #.#
#....#... #.# #.# #
#.##.##.# #.# #.#
#.#####.##.....
########.# #.#
#.......#####.#
<........# #.#
####.#### #.#
########## #.# #.#
#.# #.## #.#


You could see an ice beast.

Vanquished Creatures
  A crimson imp (D:3)
  A hound (D:4)
  2 worker ants (D:4)
  5 adders
  3 river rats
  An adder skeleton (D:4)
  3 dart slugs
  4 leopard geckos
  An orc (D:4)
  7 bats
  6 giant cockroaches
  5 goblins
  11 hobgoblins
  11 jackals
  2 quokkas
  7 ball pythons
  8 frilled lizards
  5 kobolds
  17 rats
100 creatures vanquished.

Notes
Turn   | Place    | Note
-------+----------+-------------------------------------------
     0 | D:1      | geeko55 the Gargoyle Monk began the quest for the Orb.
     0 | D:1      | Reached XP level 1. HP: 14/14 MP: 1/1
    15 | D:1      | Upgraded the game from 0.24-a0-205-g1d96822 to
                  | 0.24-a0-217-g1152973
    84 | D:1      | Reached XP level 2. HP: 18/19 MP: 2/2
   586 | D:1      | Reached XP level 3. HP: 21/24 MP: 3/3
  1162 | D:2      | Reached skill level 4 in Fighting
  1318 | D:2      | Reached XP level 4. HP: 20/29 MP: 4/4
  2046 | D:3      | Found a glowing drain.
  2215 | Sewer    | Entered a sewer
  2385 | Sewer    | Reached skill level 5 in Fighting
  2385 | Sewer    | Reached XP level 5. HP: 24/35 MP: 5/5
  3377 | D:4      | Reached skill level 6 in Fighting
  3426 | D:4      | Reached XP level 6. HP: 34/41 MP: 6/6
  3857 | D:4      | Noticed an ice beast
  3886 | D:4      | HP: 1/42 [ice beast (13)]
  3887 | D:4      | Slain by an ice beast

Levels and vault maps discovered:
D:1:      dpeg_arrival_arbitrary_c, layout_basic
D:2:      layout_basic
D:3:      layout_basic, portal_sewer_entry_a, first_ration
D:4:      layout_loops_ring
Sewer:    sewer_co_cracked_pipes

Skill      XL: |  1  2  3  4  5 |
---------------+----------------+-----
Fighting       | 4 5 6 |  6.8
Maces & Flails | |  3.7
Dodging        | |  2.9
Stealth        | |  2.2

Action                   |  1- 3 |  4- 6 || total
-------------------------+-------+-------++-------
Melee: Mace              |   109 |    18 ||   127
       Spear             |    26 |   280 ||   306
  Use: Scroll            |     4 |     5 ||     9
       Potion            |       |     2 ||     2
 Stab: Sleeping          |     4 |     6 ||    10
       Distracted        |       |     2 ||     2
  Eat: Ration            |     1 |     2 ||     3
       Chunk             |       |     1 ||     1
Armor: Robe              |    50 |    95 ||   145
Dodge: Dodged            |   120 |   183 ||   303

Table legend:
 A = Non-vault XP
 B = Vault XP
 C = Vault XP percentage of total XP
 D = Non-vault monster count
 E = Vault monster count
 F = Vault count percentage of total count
                 A         B        C        D         E       F
            +---------+---------+-------+---------+---------+-------
      Total |     344 |      74 |  17.7 |      77 |      23 |  23.0
            +---------+---------+-------+---------+---------+-------
        D:1 |      42 |       0 |   0.0 |      23 |       0 |   0.0
        D:2 |      87 |       0 |   0.0 |      29 |       0 |   0.0
        D:3 |      69 |      18 |  20.7 |      12 |       5 |  29.4
        D:4 |     146 |       0 |   0.0 |      13 |       0 |   0.0
      Sewer |       0 |      56 | 100.0 |       0 |      18 | 100.0
            +---------+---------+-------+---------+---------+-------
